Map: Ephemeron LE

Players

Ratl - Winner!

  • Race: Zerg Zerg
  • Spawn Location: 5:00

VOD

Have the link to the VOD?

Description

Time

  • Played on: Oct. 28, 2019, 6:14 p.m.
  • Length: 23:05
Show
View Real Time Build Order
Export as new Build Order

Ratl Zerg - Winner!

Build Orders:  

Get SALT Encoding   

  12  0:02  Drone  
  13  0:18  Overlord  
  13  0:48  Drone, Spawning Pool  
  13  0:53  Drone  
  14  1:07  Drone  
  15  1:11  Drone  
  16  1:28  Drone  
  17  1:37  Drone  
  18  1:52  Extractor, Drone  
  18  2:10  Evolution Chamber  
  18  2:11  Queen  
  18  2:16  Drone  
  20  2:27  Drone  
  21  2:58  Extractor  
  21  2:59  Drone  
  19  3:00  Drone  
  22  3:40  Roach Warren  
  22  3:41  Drone  
  22  3:46  Overlord  
  22  3:47  Overlord  
  22  3:55  Lair  
  22  4:10  Overlord  
  22  4:12  Zergling x2  
  22  4:13  Zergling x2  
  24  4:31  Drone  
  25  4:51  Roach  
  25  4:52  Zergling x2, Roach  
  25  4:54  Zergling x2  
  31  5:23  Drone  
  31  5:28  Drone  
  33  5:33  Roach x3  
  39  5:53  Overseer  
  39  6:26  Drone x2  
  39  6:27  Drone  
  42  6:46  Hatchery  
  41  7:14  Hydralisk Den  
  41  7:19  Infestation Pit  
  39  7:23  Spire  
  38  7:37  Zergling x2  
  38  7:38  Zergling x2, Roach  
  45  8:04  Drone  
  45  8:06  Overlord  
  45  8:07  Overlord  
  45  8:28  Drone  
  43  8:31  Queen  
  45  9:01  Hydralisk x2  
  45  9:02  Hydralisk  
  45  9:03  Hatchery  
  50  9:16  Hive  
  51  9:30  Drone x3  
  54  9:54  Drone  
  54  9:58  Extractor, Drone x4  
  58  10:05  Extractor  
  57  10:25  Viper  
  60  10:39  Drone x2  
  62  10:43  Drone x2  
  62  10:44  Drone x2  
  66  10:56  Hydralisk  
  68  11:38  Spine Crawler  
  67  11:45  Spore Crawler, Spine Crawler  
  67  11:49  Drone  
  72  11:50  Drone x2  
  66  11:51  Queen  
  70  12:15  Drone x3  
  73  12:20  Overlord x3  
  73  13:09  Ultralisk Cavern  
  72  13:18  Spine Crawler  
  72  13:19  Nydus Network  
  70  13:21  Zerg Melee Weapons Level 1  
  68  13:30  Drone  
  68  13:31  Drone  
  83  13:40  Zergling x6  
  52  14:17  Zergling x4  
  54  14:34  Roach x3  
  54  14:35  Hydralisk x4  
  54  14:36  Zergling x2, Hydralisk x2  
  54  14:37  Zergling x8  
  54  14:38  Zergling x2  
  78  14:42  Zergling x2  
  78  14:43  Zergling x6  
  82  15:06  Unknown  
  82  15:25  Ultralisk x2  
  82  15:29  Hydralisk  
  96  15:42  Nydus Canal  
  96  16:01  Zerg Missile Weapons Level 1  
  96  16:02  Nydus Canal  
  96  16:26  Spore Crawler  
  95  16:37  Hydralisk  
  95  16:39  Zergling x2  
  98  16:41  Overlord x5  
  98  16:42  Overlord x2  
  98  16:46  Unknown  
  77  18:27  Hydralisk x5  
  77  18:28  Hydralisk x3  
  93  18:30  Ultralisk x3  
  93  18:31  Ultralisk  
  93  18:33  Zergling x2  
  93  18:36  Drone x3  
  121  18:41  Zerg Ground Armor Level 1  
  117  20:14  Zergling x6  
  118  20:37  Glial Reconstitution  
  118  20:51  Drone x3  
  121  21:02  Extractor  
  121  21:05  Extractor  
  114  21:12  Chitinous Plating  
  114  21:16  Metabolic Boost  
  113  22:24  Drone  
  113  22:25  Drone  
  113  22:26  Drone  
  113  22:29  Zergling x6  
  136  22:30  Zergling x6  
  119  22:35  Zergling x6  
Tags
 
Add a new tag
Caveats
  • Supply blocks, unpowered buildings, or Contaminate may cause inaccurate times.
  • Supply counts are checked every 10 seconds.